 Dungeon Crawl Stone Soup version 0.29.0-4-gdea44cf6ec (webtiles) character file.

Game seed: 6420769302296190014

107376 qw the Severer (level 16, 0/107 HPs)
             Began as a Gargoyle Berserker on Sept 5, 2022.
             Was a High Priest of Trog.
             Shot with a bolt by a naga sharpshooter (5 damage)
             ... on level 1 of the Snake Pit.
             The game lasted 00:12:18 (32885 turns).

qw the Severer (Gargoyle Berserker)                Turns: 32885, Time: 00:12:19

Health: 0/107      AC: 44    Str: 33    XL:     16   Next: 46%
Magic:  16/16      EV: 10    Int:  9    God:    Trog [*****.]
Gold:   537        SH:  5    Dex:  7    Spells: 15/15 levels left

rFire   + . .      SeeInvis +   s - +6 broad axe (vorpal)
rCold   + . .      Faith    .   h - +0 buckler
rNeg    + . .      Spirit   .   v - +0 plate armour {rC+}
rPois   inf        Reflect  .   o - +1 helmet
rElec   +          Harm     .   g - +0 cloak
rCorr   .          Rampage  .   f - +1 pair of gloves of Hopscotch {Str+5 SInv}
Will    +....                   d - +2 pair of boots
Stlth   ..........              p - amulet of Xabeniqu {rF+ Regen+}
HPRegen 1.07/turn               r - +4 ring of evasion
MPRegen 0.15/turn               a - +4 ring of protection

@: on berserk cooldown, flying, slowed, constricted, very slow
A: sickness immunity, AC +12, big wings, negative energy resistance 1,
electricity resistance, torment resistance 1, petrification resistance,
iridescent scales 1, clumsy 1, MP-powered wands
a: Renounce Religion, Berserk, Trog's Hand, Brothers in Arms


You were on level 1 of the Snake Pit.
You worshipped Trog.
Trog was extremely pleased with you.
You visited 4 branches of the dungeon, and saw 23 of its levels.

You collected 2718 gold pieces.
You spent 2181 gold pieces at shops.


Innate Abilities, Weirdness & Mutations

You are immune to sickness and miasma.
Your stone body is resilient. (AC +12)
You are immune to poison.
Your large and strong wings let you fly.
You resist negative energy. (rN+)
You are resistant to electric shocks. (rElec)
You are resistant to unholy torment.
You are immune to petrification.
You are partially covered in iridescent scales. (AC +2)
You are clumsy. (Dex -2)
You expend magic power (3 MP) to strengthen your wands.


   Skills:
 + Level 14.5 Fighting
 - Level 18.0 Axes
 - Level 8.0 Throwing
 - Level 14.0 Armour
 - Level 3.0 Dodging
 - Level 9.1 Shields


You had 15 spell levels left.
You didn't know any spells.
Your spell library was empty.

Inventory:

Hand Weapons
 s - a +6 vorpal broad axe (weapon)
 t - a +2 war axe of flaming
Missiles
 u - 2 silver javelins (quivered)
 w - 2 silver boomerangs
 x - 12 boomerangs
Armour
 d - a +2 pair of boots (worn)
 f - the +1 pair of gloves of Hopscotch (worn) {Str+5 SInv}
   (You acquired it on level 14 of the Dungeon)

   Str:       It affects your strength (+5).
   SInv:      It lets you see invisible.
 g - a +0 cloak (worn)
 h - a +0 buckler (worn)
 o - a +1 helmet (worn)
 v - a +0 plate armour of cold resistance (worn)
Jewellery
 a - a +4 ring of protection (right hand)
 k - an amulet of the acrobat
 p - the amulet of Xabeniqu (around neck) {rF+ Regen+}
   (You bought it in a shop on level 1 of the Snake Pit)

   [amulet of regeneration]

   rF:        It protects you from fire.
   Regen:     It increases your rate of health regeneration.
 q - the ring "Fiuq Fokk" {rF+ rN+ rCorr}
   (You bought it in a shop on level 1 of the Snake Pit)

   [ring of resist corrosion]

   rF:        It protects you from fire.
   rN:        It protects you from negative energy.
   rCorr:     It protects you from acid and corrosion.
 r - a +4 ring of evasion (left hand)
 y - an amulet of guardian spirit
Wands
 n - a wand of digging (2)
Scrolls
 b - 8 scrolls of identify
Potions
 c - 5 potions of mutation
 e - 3 potions of haste
 i - a potion of cancellation
 j - 5 potions of might
 l - 13 potions of curing
 m - a potion of resistance

Dungeon Overview and Level Annotations

Branches:
Dungeon (15/15)            Temple (0/1) D:7            Lair (5/5) D:10
 Shoals (0/4) Lair:3        Snake (1/4) Lair:3        Slime (0/5) Lair:4
    Orc (2/2) D:12            Elf (0/3) Orc:2        Vaults (0/5) D:13
 Depths (0/4) D:15

Altars:
Ashenzari
Elyvilon
Fedhas
Gozag
Hepliaklqana
Kikubaaqudgha
Makhleb
Nemelex Xobeh
Okawaru
Trog
Yredelemnul
The Shining One
Lugonu

Shops:
D:5 ?   D:10 *   D:11 (   Orc:2 ?(*=   Snake:1 =::

Portals:
Abyss: Lair:5
Pandemonium: Orc:2

Annotations:
D:4 2 transporters, Xikhyczagi's ghost, amateur TeWr
D:5 2 transporters, qw's ghost, novice GrBe
D:6 2 runed translucent doors, qw's ghost, amateur BaCK
D:8 1 runed translucent door, qw's ghost, novice GrBe
D:12 3 runed translucent doors, tiocybot's ghost, journeyman GnTm


Message History

The naga sharpshooter is heavily wounded.
The naga hits you but does no damage.
The naga sharpshooter gestures wildly while chanting.
The naga sharpshooter magically shoots a bolt.
The bolt hits you. The bolt freezes you.
You slash the naga sharpshooter!
The naga sharpshooter is severely wounded.
The naga hits you from afar with a +0 trident!
The naga sharpshooter spits poison at you.
The splash of poison hits you but does no damage.
You resist.
You barely miss the naga sharpshooter.
The naga sharpshooter is severely wounded.
You barely miss the naga ritualist.
Your ogre rages.
You block the naga's attack.
The naga sharpshooter mumbles some strange words.
The naga sharpshooter magically shoots a bolt.
The bolt hits you but does no damage.
Your ogre rages.
The naga ritualist closely misses you. The naga ritualist misses you.
You block the naga's attack.
You hit the naga sharpshooter.
The naga sharpshooter is severely wounded.
You hit the naga ritualist but do no damage.
Your ogre dies!
Your ogre's corpse disappears in a puff of smoke!
The naga sharpshooter shoots a bolt.
The bolt hits you but does no damage. The naga hits you but does no damage.
The naga ritualist hits you but does no damage.
The naga ritualist barely misses you.
The naga sharpshooter shoots a bolt.
The bolt hits you but does no damage.
32885 ||| INVOKING Brothers in Arms.
You fail to use your ability.
The naga ritualist hits you but does no damage.
The naga ritualist grabs you. The naga ritualist constricts you.
The naga hits you but does no damage.
The naga sharpshooter gestures wildly while chanting.
The naga sharpshooter magically shoots a bolt.
The bolt hits you.
You die...

#...#####
#.......#
##..####..
#..## #...
#.## #...
#######.#
#...
#.......#
##.#
####)#######
...# #N@ยค)#
.#### #N####
. # ..N ##
#..~ #.
...~~ #.
....~~ ##
......# 77
..P... 77.
77.\


You could see a naga sharpshooter, a naga ritualist and a naga.

Vanquished Creatures
  An orc warlord (Orc:1)
  A dire elephant (Lair:4)
  Josephine (D:11)
  Snorg (Orc:1)
  Erolcha (D:12)
  Fannar (Lair:2)
  A vault guard (D:13)
  Harold (D:9)
  2 boulder beetles
  4 centaur warriors
  2 hydras
  Erica (Orc:1)
  An anaconda (Snake:1)
  3 two-headed ogres
  A death knight (D:15)
  A death yak (D:13)
  3 orc high priests (Orc:2)
  2 shock serpents (Snake:1)
  Urug (D:11)
  A naga sharpshooter (Snake:1)
  2 thrashing horrors (Lair:5)
  A sun demon (Orc:2)
  A skeletal warrior (D:15)
  A soul eater (Orc:2)
  A sea snake (Snake:1)
  A naga ritualist (Snake:1)
  A bog body (D:13)
  5 orc knights
  A deep elf pyromancer (D:15)
  A necromancer (D:15)
  A wizard (D:15)
  2 phantasmal warriors (D:15)
  A wolf spider (D:15)
  5 orc sorcerers
  2 oklob plants
  7 ugly things
  3 manticores
  6 cyclopes
  11 black mambas
  36 elephants
  An orange demon (Orc:2)
  A rust devil (Orc:2)
  4 naga magi
  A salamander (Snake:1)
  Maurice (D:12)
  A smoke demon (Lair:5)
  3 centaur skeletons (D:15)
  A large abomination (Lair:5)
  2 gargoyles
  6 rime drakes
  3 kobold demonologists (D:11)
  10 cane toads
  An efreet (D:14)
  7 komodo dragons
  A freezing wraith (D:15)
  An anaconda simulacrum (D:13)
  Maggie (D:7)
  An ancient zyme (Lair:5)
  3 trolls
  A queen bee (Lair:4)
  6 meliai
  Grinder (D:6)
  4 polar bears
  21 blink frogs
  5 dream sheep
  A meliai zombie (D:15)
  9 slime creatures
  A culicivora (shapeshifter) (Lair:5)
  3 water elementals (D:14)
  5 wraiths
  37 yaks
  2 spriggans
  6 basilisks
  3 chaos spawn (Lair:5)
  A steam dragon (D:8)
  4 wyverns
  9 vampire mosquitoes
  2 death yak simulacra (D:13)
  An acid dragon (D:10)
  3 wargs (Orc:1)
  3 nagas (Snake:1)
  11 water moccasins
  4 ice beasts (D:6)
  34 orc warriors
  5 black bears
  9 small abominations (Lair:5)
  10 ogres
  A sky beast (D:7)
  6 wolves
  11 centaurs
  A phantom (D:5)
  4 kobold brigands
  12 bullfrogs
  2 necrophages
  A gnoll sergeant (D:5)
  A cane toad simulacrum (D:13)
  A scorpion (D:6)
  A two-headed ogre simulacrum (D:13)
  6 wights
  29 killer bees
  3 howler monkeys
  A vampire bat (D:3)
  7 electric eels
  4 gnoll boudas
  4 hounds
  28 orc priests
  Ijyb (D:3)
  2 iguanas
  17 orc wizards
  A spriggan simulacrum (D:13)
  A troll simulacrum (D:13)
  Robin (D:3)
  26 gnolls
  9 adders
  A naga simulacrum (D:13)
  3 shadow imps
  A white imp (D:13)
  2 ufetubi (D:6)
  A worm (D:2)
  A dart slug (D:1)
  3 fire bats (D:3)
  100 orcs
  2 spectral bats (D:3)
  3 ball pythons
  3 bat skeletons (D:3)
  A bat zombie (D:3)
  4 endoplasms
  2 giant cockroaches
  20 goblins
  11 hobgoblins
  3 jackals (D:2)
  3 quokkas
  10 bats (D:3)
  A bat simulacrum (D:3)
  5 frilled lizards
  18 kobolds
  7 rats
755 creatures vanquished.

Vanquished Creatures (collateral kills)
  Rupert (D:15)
  3 hydras
  A thrashing horror (Lair:5)
  3 orc high priests (Orc:2)
  Sonja (Orc:1)
  A large abomination (Lair:5)
  2 orc sorcerers (Orc:2)
  An orc knight (Orc:2)
  A manticore (D:13)
  A smoke demon (Lair:5)
  A rime drake (Lair:5)
  2 yaks (Lair:5)
  A basilisk (Lair:5)
  An orc warrior (Orc:1)
  2 orc priests
  An orc wizard (Orc:1)
  4 orcs (Orc:1)
27 creatures vanquished.

Vanquished Creatures (others)
  A water elemental (D:14)
  An electric eel (D:14)
  An orc priest (D:11)
  3 orc wizards
  100 fungi
  148 plants
254 creatures vanquished.

Grand Total: 1036 creatures vanquished

Notes
Turn   | Place    | Note
-------+----------+-------------------------------------------
     0 | D:1      | qw the Gargoyle Berserker began the quest for the Orb.
     0 | D:1      | Reached XP level 1. HP: 14/14 MP: 1/1
     0 | D:1      | 0 ||| qw: Version: 0.1-a-104-g96f76f8
     0 | D:1      | 0 ||| qw: Game counter: 6001
     0 | D:1      | 0 ||| qw: Always use a shield: true
     0 | D:1      | 0 ||| qw: Do Orc after D:15 true
     0 | D:1      | 0 ||| qw: Do second Lair branch before Depths: true
     0 | D:1      | 0 ||| qw: Lair rune preference: random
     0 | D:1      | 0 ||| qw: Plans: Normal
     0 | D:1      | 0 ||| PLANNING D:1-11
    89 | D:1      | 89 ||| Stepping ~*~*~tactically~*~*~ (hiding).
   191 | D:1      | 191 ||| Stepping ~*~*~tactically~*~*~ (hiding).
   333 | D:1      | Reached skill level 3 in Axes
   397 | D:1      | Reached XP level 2. HP: 19/19 MP: 2/2
   823 | D:1      | 823 ||| UPGRADING to +0 leather armour.
   833 | D:1      | 833 ||| DROPPING +0 animal skin.
   834 | D:1      | 834 ||| UPGRADING to amulet of the acrobat.
   839 | D:1      | 839 ||| UPGRADING to ring of resist corrosion.
   840 | D:1      | 840 ||| READING scroll labelled BOROYR OPHUFOGG.
   941 | D:1      | 941 ||| READING scroll labelled SONWYFUCOZ.
   942 | D:1      | 942 ||| READING scroll labelled XAESHY RIASOAB.
   947 | D:1      | 947 ||| READING scroll labelled OGAHIUCEDD.
  1082 | D:2      | 1082 ||| INVOKING Berserk.
  1085 | D:2      | Reached XP level 3. HP: 23/23 MP: 3/3
  1321 | D:2      | Reached skill level 4 in Axes
  1325 | D:2      | 1325 ||| FLEEEEING.
  1326 | D:2      | 1326 ||| FLEEEEING.
  1327 | D:2      | 1327 ||| FLEEEEING.
  1328 | D:2      | 1328 ||| FLEEEEING.
  1329 | D:2      | 1329 ||| FLEEEEING.
  1330 | D:2      | 1330 ||| FLEEEEING.
  1333 | D:2      | 1333 ||| FLEEEEING.
  1334 | D:2      | 1334 ||| FLEEEEING.
  1335 | D:2      | 1335 ||| STAIRDANCE
  1457 | D:1      | 1457 ||| READING scroll labelled QONAOWO EJUH.
  1473 | D:2      | 1473 ||| DROPPING +0 club.
  1614 | D:2      | Reached ** piety under Trog
  1776 | D:2      | Reached XP level 4. HP: 28/28 MP: 4/4
  1935 | D:2      | Found a hazy altar of Hepliaklqana.
  2044 | D:2      | 2044 ||| UPGRADING to +2 pair of boots.
  2049 | D:2      | 2049 ||| READING scroll labelled VOIWER SEPSE.
  2228 | D:3      | 2228 ||| Stepping ~*~*~tactically~*~*~ (hiding).
  2344 | D:3      | Found a hazy altar of Hepliaklqana.
  2612 | D:3      | Noticed Robin
  2622 | D:3      | 2622 ||| INVOKING Berserk.
  2626 | D:3      | Killed Robin
  2627 | D:3      | Reached skill level 5 in Axes
  2839 | D:3      | Reached XP level 5. HP: 29/32 MP: 5/5
  3100 | D:3      | Noticed Ijyb
  3101 | D:3      | 3101 ||| Stepping ~*~*~tactically~*~*~ (hiding).
  3102 | D:3      | 3102 ||| Stepping ~*~*~tactically~*~*~ (hiding).
  3105 | D:3      | 3105 ||| INVOKING Berserk.
  3114 | D:3      | Killed Ijyb
  3247 | D:3      | 3247 ||| Stepping ~*~*~tactically~*~*~ (stealth).
  3258 | D:3      | 3258 ||| FLEEEEING.
  3259 | D:3      | 3259 ||| FLEEEEING.
  3260 | D:3      | 3260 ||| FLEEEEING.
  3261 | D:3      | 3261 ||| FLEEEEING.
  3263 | D:3      | 3263 ||| FLEEEEING.
  3285 | D:3      | 3285 ||| FLEEEEING.
  3286 | D:3      | 3286 ||| FLEEEEING.
  3288 | D:3      | 3288 ||| FLEEEEING.
  3290 | D:3      | 3290 ||| FLEEEEING.
  3291 | D:3      | 3291 ||| FLEEEEING.
  3292 | D:3      | 3292 ||| FLEEEEING.
  3293 | D:3      | 3293 ||| FLEEEEING.
  3295 | D:3      | 3295 ||| FLEEEEING.
  3299 | D:3      | 3299 ||| FLEEEEING.
  3300 | D:3      | 3300 ||| FLEEEEING.
  3301 | D:3      | 3301 ||| FLEEEEING.
  3302 | D:3      | 3302 ||| FLEEEEING.
  3303 | D:3      | 3303 ||| FLEEEEING.
  3304 | D:3      | 3304 ||| FLEEEEING.
  3305 | D:3      | 3305 ||| FLEEEEING.
  3317 | D:3      | 3317 ||| FLEEEEING.
  3318 | D:3      | 3318 ||| FLEEEEING.
  3319 | D:3      | 3319 ||| FLEEEEING.
  3320 | D:3      | 3320 ||| FLEEEEING.
  3321 | D:3      | 3321 ||| FLEEEEING.
  3323 | D:3      | 3323 ||| FLEEEEING.
  3324 | D:3      | 3324 ||| FLEEEEING.
  3325 | D:3      | 3325 ||| FLEEEEING.
  3326 | D:3      | 3326 ||| FLEEEEING.
  3591 | D:3      | Reached *** piety under Trog
  3714 | D:3      | Reached XP level 6. HP: 35/38 MP: 6/6
  3772 | D:3      | 3772 ||| UPGRADING to +0 cloak.
  3777 | D:3      | 3777 ||| UPGRADING to +0 helmet.
  3782 | D:3      | 3782 ||| UPGRADING to +0 plate armour.
  3792 | D:3      | 3792 ||| DROPPING +0 leather armour.
  3793 | D:3      | 3793 ||| READING scroll labelled NOLEHAOZIM.
  3794 | D:3      | 3794 ||| DRINKING 3 murky purple potions.
  3794 | D:3      | Gained mutation: You expend magic power (3 MP) to
                  | strengthen your wands. [potion of mutation]
  3794 | D:3      | Gained mutation: You are partially covered in iridescent
                  | scales. (AC +2) [potion of mutation]
  3794 | D:3      | Gained mutation: You are clumsy. (Dex -2) [potion of
                  | mutation]
  3795 | D:3      | 3795 ||| DRINKING 3 bubbling sapphire potions.
  3796 | D:3      | 3796 ||| DRINKING 2 cyan potions.
  3878 | D:4      | 3878 ||| INVOKING Berserk.
  3882 | D:4      | Reached skill level 3 in Armour
  4023 | D:4      | Reached skill level 6 in Axes
  4054 | D:4      | Found a transporter.
  4054 | D:4      | Noticed Xikhyczagi's ghost (amateur TeWr)
  4221 | D:4      | Found a transporter.
  4348 | D:4      | 4348 ||| Stepping ~*~*~tactically~*~*~ (hiding).
  4350 | D:4      | 4350 ||| Stepping ~*~*~tactically~*~*~ (hiding).
  4354 | D:4      | 4354 ||| INVOKING Berserk.
  4363 | D:4      | Reached XP level 7. HP: 43/43 MP: 7/7
  4483 | D:4      | 4483 ||| Stepping ~*~*~tactically~*~*~ (stealth).
  4762 | D:4      | 4762 ||| UPGRADING to +6 ring of dexterity.
  4763 | D:4      | 4763 ||| DROPPING ring of flight.
  4764 | D:4      | 4764 ||| READING scroll labelled DUBLIDD YMOS.
  4789 | D:5      | Entered Level 5 of the Dungeon
  4854 | D:5      | 4854 ||| Stepping ~*~*~tactically~*~*~ (hiding).
  4904 | D:5      | 4904 ||| DROPPING +1 whip of venom.
  4905 | D:5      | 4905 ||| DROPPING +0 flail.
  4916 | D:5      | 4916 ||| Stepping ~*~*~tactically~*~*~ (stealth).
  4918 | D:5      | Reached **** piety under Trog
  4924 | D:5      | 4924 ||| Stepping ~*~*~tactically~*~*~ (stealth).
  4926 | D:5      | 4926 ||| Stepping ~*~*~tactically~*~*~ (stealth).
  4928 | D:5      | 4928 ||| Stepping ~*~*~tactically~*~*~ (stealth).
  4951 | D:5      | Found a broken altar of Ashenzari.
  5079 | D:5      | 5079 ||| INVOKING Berserk.
  5189 | D:5      | 5189 ||| Stepping ~*~*~tactically~*~*~ (hiding).
  5203 | D:5      | Reached skill level 7 in Axes
  5225 | D:5      | 5225 ||| Stepping ~*~*~tactically~*~*~ (stealth).
  5241 | D:5      | 5241 ||| DRINKING 5 potions of curing.
  5241 | D:5      | 5241 ||| (to cure confusion)
  5244 | D:5      | 5244 ||| INVOKING Berserk.
  5253 | D:5      | Reached XP level 8. HP: 43/49 MP: 8/8
  5392 | D:5      | 5392 ||| Stepping ~*~*~tactically~*~*~ (stealth).
  5394 | D:5      | 5394 ||| FLEEEEING.
  5395 | D:5      | 5395 ||| FLEEEEING.
  5396 | D:5      | 5396 ||| FLEEEEING.
  5397 | D:5      | 5397 ||| FLEEEEING.
  5398 | D:5      | 5398 ||| FLEEEEING.
  5399 | D:5      | 5399 ||| FLEEEEING.
  5400 | D:5      | 5400 ||| FLEEEEING.
  5401 | D:5      | 5401 ||| FLEEEEING.
  5402 | D:5      | 5402 ||| FLEEEEING.
  5406 | D:5      | 5406 ||| FLEEEEING.
  5407 | D:5      | 5407 ||| FLEEEEING.
  5408 | D:5      | 5408 ||| FLEEEEING.
  5409 | D:5      | 5409 ||| FLEEEEING.
  5412 | D:5      | 5412 ||| FLEEEEING.
  5413 | D:5      | 5413 ||| FLEEEEING.
  5414 | D:5      | 5414 ||| FLEEEEING.
  5415 | D:5      | 5415 ||| FLEEEEING.
  5421 | D:5      | 5421 ||| FLEEEEING.
  5433 | D:5      | 5433 ||| INVOKING Berserk.
  5862 | D:5      | 5862 ||| Stepping ~*~*~tactically~*~*~ (hiding).
  5863 | D:5      | 5863 ||| Stepping ~*~*~tactically~*~*~ (hiding).
  5864 | D:5      | 5864 ||| INVOKING Berserk.
  5868 | D:5      | Reached skill level 1 in Throwing
  5877 | D:5      | 5877 ||| DRINKING 4 potions of curing.
  5877 | D:5      | 5877 ||| (to cure confusion)
  6104 | D:5      | 6104 ||| INVOKING Berserk.
  6232 | D:5      | Found Zurukaxo's Magic Scroll Boutique.
  6235 | D:5      | 6235 ||| BUYING 2 scrolls of identify (40 gold).
  6235 | D:5      | Bought 2 scrolls of identify for 40 gold pieces
  6235 | D:5      | 6235 ||| BUYING scroll of identify (20 gold).
  6235 | D:5      | Bought a scroll of identify for 20 gold pieces
  6235 | D:5      | 6235 ||| BUYING scroll of identify (20 gold).
  6235 | D:5      | Bought a scroll of identify for 20 gold pieces
  6235 | D:5      | 6235 ||| BUYING scroll of teleportation (30 gold).
  6235 | D:5      | Bought a scroll of teleportation for 30 gold pieces
  6235 | D:5      | 6235 ||| BUYING scroll of teleportation (30 gold).
  6235 | D:5      | Bought a scroll of teleportation for 30 gold pieces
  6277 | D:5      | 6277 ||| INVOKING Berserk.
  6282 | D:5      | Reached skill level 8 in Axes
  6420 | D:5      | Noticed qw's ghost (novice GrBe)
  6433 | D:5      | Found a transporter.
  6452 | D:5      | Found a transporter.
  6687 | D:5      | Found an ancient bone altar of Kikubaaqudgha.
  6688 | D:5      | Found a basalt altar of Yredelemnul.
  6690 | D:5      | Found a blossoming altar of Fedhas.
  6693 | D:5      | Found a bloodstained altar of Trog.
  6696 | D:5      | Found an opulent altar of Gozag.
  6699 | D:5      | Found a glowing golden altar of the Shining One.
  6700 | D:5      | 6700 ||| UPGRADING to ring of willpower.
  6702 | D:5      | 6702 ||| READING scroll labelled KOOSOH XEDAS.
  6703 | D:5      | 6703 ||| READING 5 scrolls of identify.
  6703 | D:5      | 6703 ||| IDENTIFYING glowing white potion
  6704 | D:5      | 6704 ||| READING 4 scrolls of identify.
  6704 | D:5      | 6704 ||| IDENTIFYING black potion
  6705 | D:5      | 6705 ||| READING 3 scrolls of identify.
  6705 | D:5      | 6705 ||| IDENTIFYING brown potion
  6706 | D:5      | 6706 ||| READING 2 scrolls of identify.
  6706 | D:5      | 6706 ||| IDENTIFYING fizzy white potion
  6707 | D:5      | 6707 ||| DROPPING potion of magic.
  6708 | D:5      | 6708 ||| DROPPING potion of attraction.
  6709 | D:5      | 6709 ||| DROPPING potion of ambrosia.
  6710 | D:5      | 6710 ||| DROPPING potion of invisibility.
  6819 | D:6      | 6819 ||| Stepping ~*~*~tactically~*~*~ (stealth).
  6822 | D:6      | 6822 ||| INVOKING Berserk.
  6978 | D:6      | Noticed Grinder
  6979 | D:6      | 6979 ||| INVOKING Trog's Hand.
  6980 | D:6      | 6980 ||| INVOKING Berserk.
  6986 | D:6      | Killed Grinder
  6987 | D:6      | Reached skill level 3 in Throwing
  7107 | D:6      | 7107 ||| INVOKING Berserk.
  7213 | D:6      | 7213 ||| INVOKING Berserk.
  7217 | D:6      | Reached skill level 6 in Fighting
  7217 | D:6      | Reached XP level 9. HP: 55/55 MP: 9/9
  7404 | D:6      | 7404 ||| INVOKING Berserk.
  7553 | D:6      | Found a large runed translucent door.
  7553 | D:6      | Found a large runed translucent door.
  7555 | D:6      | Noticed qw's ghost (amateur BaCK)
  7629 | D:6      | Found a sparkling altar of Nemelex Xobeh.
  7674 | D:6      | 7674 ||| INVOKING Berserk.
  7679 | D:6      | Reached skill level 9 in Axes
  7907 | D:6      | 7907 ||| INVOKING Berserk.
  7910 | D:6      | Reached skill level 6 in Armour
  8041 | D:6      | 8041 ||| Stepping ~*~*~tactically~*~*~ (hiding).
  8046 | D:6      | 8046 ||| Stepping ~*~*~tactically~*~*~ (stealth).
  8049 | D:6      | 8049 ||| INVOKING Berserk.
  8212 | D:6      | 8212 ||| Stepping ~*~*~tactically~*~*~ (water).
  8213 | D:6      | 8213 ||| INVOKING Berserk.
  8342 | D:6      | 8342 ||| INVOKING Berserk.
  8746 | D:6      | 8746 ||| READING scroll labelled DEKKECVUIRO.
  8868 | D:7      | 8868 ||| Stepping ~*~*~tactically~*~*~ (stealth).
  8981 | D:7      | 8981 ||| READING 2 scrolls of identify.
  8981 | D:7      | 8981 ||| IDENTIFYING ruby potion
  8982 | D:7      | 8982 ||| DROPPING potion of berserk rage.
  9226 | D:7      | Found a burning altar of Makhleb.
  9239 | D:7      | 9239 ||| Stepping ~*~*~tactically~*~*~ (stealth).
  9240 | D:7      | 9240 ||| Stepping ~*~*~tactically~*~*~ (stealth).
  9240 | D:7      | Noticed Maggie
  9241 | D:7      | 9241 ||| Stepping ~*~*~tactically~*~*~ (hiding).
  9255 | D:7      | 9255 ||| INVOKING Berserk.
  9278 | D:7      | HP: 14/57 [Maggie/+3 war axe (12)]
  9279 | D:7      | 9279 ||| READING 3 scrolls of teleportation.
  9286 | D:7      | HP: 11/57 [Maggie/+3 war axe (5)]
  9287 | D:7      | 9287 ||| READING 2 scrolls of teleportation.
  9288 | D:7      | 9288 ||| DRINKING 3 potions of heal wounds.
  9347 | D:7      | 9347 ||| Stepping ~*~*~tactically~*~*~ (stealth).
  9349 | D:7      | 9349 ||| Stepping ~*~*~tactically~*~*~ (stealth).
  9436 | D:7      | Found a staircase to the Ecumenical Temple.
  9507 | D:7      | Reached skill level 10 in Axes
  9513 | D:7      | Reached XP level 10. HP: 61/63 MP: 10/10
  9627 | D:7      | 9627 ||| Stepping ~*~*~tactically~*~*~ (hiding).
  9654 | D:7      | Killed Maggie
  9793 | D:7      | 9793 ||| SWAPPING to +3 war axe.
  9794 | D:7      | 9794 ||| DROPPING +1 hand axe.
  9932 | D:7      | 9932 ||| Stepping ~*~*~tactically~*~*~ (stealth).
  9987 | D:7      | 9987 ||| READING scroll labelled COGYGY IMOL.
  9988 | D:7      | 9988 ||| DRINKING 2 viscous orange potions.
  9989 | D:7      | 9989 ||| DROPPING potion of degeneration.
 10055 | D:8      | 10055 ||| Stepping ~*~*~tactically~*~*~ (hiding).
 10065 | D:8      | 10065 ||| INVOKING Berserk.
 10211 | D:8      | 10211 ||| Stepping ~*~*~tactically~*~*~ (stealth).
 10250 | D:8      | Found a flagged portal.
 10257 | D:8      | 10257 ||| Stepping ~*~*~tactically~*~*~ (hiding).
 10263 | D:8      | 10263 ||| INVOKING Berserk.
 10413 | D:8      | Found a runed translucent door.
 10417 | D:8      | Noticed qw's ghost (novice GrBe)
 10462 | D:8      | Found the +7 Throatcutter {drain, coup de grace}
 10540 | D:8      | 10540 ||| Stepping ~*~*~tactically~*~*~ (hiding).
 10559 | D:8      | 10559 ||| Stepping ~*~*~tactically~*~*~ (stealth).
 10560 | D:8      | 10560 ||| SWAPPING to +5 war axe.
 10561 | D:8      | 10561 ||| DROPPING +3 war axe.
 10564 | D:8      | 10564 ||| Stepping ~*~*~tactically~*~*~ (stealth).
 10566 | D:8      | 10566 ||| Stepping ~*~*~tactically~*~*~ (stealth).
 10570 | D:8      | 10570 ||| Stepping ~*~*~tactically~*~*~ (stealth).
 10571 | D:8      | 10571 ||| Stepping ~*~*~tactically~*~*~ (stealth).
 10573 | D:8      | 10573 ||| Stepping ~*~*~tactically~*~*~ (stealth).
 10574 | D:8      | 10574 ||| Stepping ~*~*~tactically~*~*~ (stealth).
 10611 | D:8      | 10611 ||| Stepping ~*~*~tactically~*~*~ (stealth).
 10768 | D:8      | 10768 ||| Stepping ~*~*~tactically~*~*~ (hiding).
 10931 | D:8      | 10931 ||| READING 5 scrolls of identify.
 10931 | D:8      | 10931 ||| IDENTIFYING yellow potion
 10932 | D:8      | 10932 ||| READING 4 scrolls of identify.
 10932 | D:8      | 10932 ||| IDENTIFYING fizzy pink potion
 10933 | D:8      | 10933 ||| DROPPING potion of brilliance.
 10967 | D:9      | Reached skill level 11 in Axes
 10969 | D:9      | 10969 ||| INVOKING Berserk.
 11395 | D:9      | 11395 ||| Stepping ~*~*~tactically~*~*~ (stealth).
 11399 | D:9      | 11399 ||| Stepping ~*~*~tactically~*~*~ (stealth).
 11406 | D:9      | 11406 ||| Stepping ~*~*~tactically~*~*~ (hiding).
 11407 | D:9      | 11407 ||| Stepping ~*~*~tactically~*~*~ (hiding).
 11527 | D:9      | 11527 ||| Stepping ~*~*~tactically~*~*~ (stealth).
 11530 | D:9      | 11530 ||| INVOKING Berserk.
 11726 | D:9      | 11726 ||| Stepping ~*~*~tactically~*~*~ (hiding).
 11850 | D:9      | Noticed Harold
 11851 | D:9      | 11851 ||| Stepping ~*~*~tactically~*~*~ (hiding).
 11856 | D:9      | 11856 ||| INVOKING Berserk.
 11862 | D:9      | Killed Harold
 11863 | D:9      | Reached skill level 9 in Fighting
 11863 | D:9      | Reached XP level 11. HP: 71/71 MP: 11/11
 11902 | D:9      | 11902 ||| SWAPPING to +0 broad axe.
 11903 | D:9      | 11903 ||| DROPPING +5 war axe.
 11949 | D:9      | 11949 ||| INVOKING Berserk.
 12268 | D:9      | 12268 ||| UPGRADING to +0 pair of gloves.
 12273 | D:9      | 12273 ||| DROPPING ring of resist corrosion.
 12274 | D:9      | 12274 ||| UPGRADING to +4 ring of evasion.
 12276 | D:9      | 12276 ||| DROPPING ring of willpower.
 12277 | D:9      | 12277 ||| READING scroll labelled OTU XUSOSIMAP.
 12278 | D:9      | 12278 ||| DRINKING 2 pink potions.
 12297 | D:9      | 12297 ||| READING 4 scrolls of identify.
 12297 | D:9      | 12297 ||| IDENTIFYING fuming grey potion
 12298 | D:9      | 12298 ||| READING 3 scrolls of identify.
 12298 | D:9      | 12298 ||| IDENTIFYING glowing pink potion
 12299 | D:9      | 12299 ||| READING 2 scrolls of identify.
 12299 | D:9      | 12299 ||| IDENTIFYING fizzy yellow potion
 12300 | D:9      | 12300 ||| DROPPING potion of lignification.
 12301 | D:9      | 12301 ||| DROPPING potion of flight.
 12311 | D:10     | Entered Level 10 of the Dungeon
 12354 | D:10     | 12354 ||| Stepping ~*~*~tactically~*~*~ (stealth).
 12357 | D:10     | 12357 ||| Stepping ~*~*~tactically~*~*~ (stealth).
 12492 | D:10     | Found a staircase to the Lair.
 12542 | D:10     | Found a white marble altar of Elyvilon.
 12643 | D:10     | 12643 ||| Stepping ~*~*~tactically~*~*~ (stealth).
 12644 | D:10     | 12644 ||| Stepping ~*~*~tactically~*~*~ (stealth).
 12660 | D:10     | Reached skill level 9 in Armour
 12662 | D:10     | 12662 ||| INVOKING Berserk.
 12895 | D:10     | 12895 ||| Stepping ~*~*~tactically~*~*~ (stealth).
 12918 | D:10     | 12918 ||| INVOKING Berserk.
 13418 | D:10     | Found Gyduunn's Assorted Antiques.
 13426 | D:10     | 13426 ||| BUYING scroll labelled SAGYUPLIA (28 gold).
 13426 | D:10     | Bought a scroll labelled SAGYUPLIA for 28 gold pieces
 13492 | D:10     | 13492 ||| PLANNING LAIR
 13492 | D:10     | 13492 ||| READING scroll labelled SAGYUPLIA.
 13547 | Lair:1   | Entered Level 1 of the Lair of Beasts
 13548 | Lair:1   | 13548 ||| INVOKING Berserk.
 13623 | Lair:1   | 13623 ||| Stepping ~*~*~tactically~*~*~ (stealth).
 13624 | Lair:1   | 13624 ||| Stepping ~*~*~tactically~*~*~ (stealth).
 13626 | Lair:1   | 13626 ||| Stepping ~*~*~tactically~*~*~ (stealth).
 13627 | Lair:1   | 13627 ||| Stepping ~*~*~tactically~*~*~ (stealth).
 13629 | Lair:1   | 13629 ||| Stepping ~*~*~tactically~*~*~ (stealth).
 13639 | Lair:1   | 13639 ||| INVOKING Berserk.
 13765 | Lair:1   | 13765 ||| Stepping ~*~*~tactically~*~*~ (stealth).
 13773 | Lair:1   | 13773 ||| INVOKING Berserk.
 13781 | Lair:1   | Reached skill level 12 in Axes
 13982 | Lair:1   | Identified the +9 flail "Raris" {pain, Will- Int+5 Dex+6}
 13984 | Lair:1   | 13984 ||| DROPPING +9 flail "Raris" {pain, Will- Int+5
                  | Dex+6}.
 14007 | Lair:1   | Noticed an oklob plant
 14012 | Lair:1   | 14012 ||| INVOKING Berserk.
 14021 | Lair:1   | Killed an oklob plant
 14258 | Lair:1   | 14258 ||| INVOKING Berserk.
 14298 | Lair:1   | 14298 ||| Stepping ~*~*~tactically~*~*~ (stealth).
 14554 | Lair:1   | 14554 ||| INVOKING Berserk.
 14615 | Lair:1   | 14615 ||| Stepping ~*~*~tactically~*~*~ (stealth).
 14617 | Lair:1   | 14617 ||| Stepping ~*~*~tactically~*~*~ (stealth).
 14621 | Lair:1   | 14621 ||| INVOKING Berserk.
 14974 | Lair:1   | 14974 ||| INVOKING Berserk.
 14984 | Lair:1   | Reached skill level 13 in Axes
 15203 | Lair:1   | 15203 ||| UPGRADING to +4 ring of protection.
 15205 | Lair:1   | 15205 ||| DROPPING +6 ring of dexterity.
 15232 | Lair:2   | Reached XP level 12. HP: 77/77 MP: 12/12
 15277 | Lair:2   | Noticed a four-headed hydra
 15278 | Lair:2   | 15278 ||| INVOKING Brothers in Arms.
 15279 | Lair:2   | 15279 ||| INVOKING Brothers in Arms.
 15281 | Lair:2   | 15281 ||| SWAPPING to +0 morningstar.
 15282 | Lair:2   | 15282 ||| INVOKING Berserk.
 15286 | Lair:2   | Killed a four-headed hydra
 15305 | Lair:2   | 15305 ||| SWAPPING to +0 broad axe.
 15520 | Lair:2   | 15520 ||| INVOKING Berserk.
 15537 | Lair:2   | Noticed an eight-headed hydra
 15538 | Lair:2   | 15538 ||| Stepping ~*~*~tactically~*~*~ (stealth).
 15539 | Lair:2   | 15539 ||| INVOKING Brothers in Arms.
 15540 | Lair:2   | 15540 ||| INVOKING Brothers in Arms.
 15541 | Lair:2   | 15541 ||| SWAPPING to +0 morningstar.
 15543 | Lair:2   | Killed an eight-headed hydra
 15544 | Lair:2   | 15544 ||| SWAPPING to +0 broad axe.
 15595 | Lair:2   | Noticed Fannar
 15626 | Lair:2   | 15626 ||| INVOKING Berserk.
 15638 | Lair:2   | Killed Fannar
 15716 | Lair:2   | Noticed a boulder beetle
 15717 | Lair:2   | 15717 ||| Stepping ~*~*~tactically~*~*~ (stealth).
 15783 | Lair:2   | 15783 ||| Stepping ~*~*~tactically~*~*~ (stealth).
 15918 | Lair:2   | 15918 ||| Stepping ~*~*~tactically~*~*~ (stealth).
 15919 | Lair:2   | 15919 ||| INVOKING Berserk.
 15930 | Lair:2   | Reached skill level 14 in Axes
 15954 | Lair:2   | Killed a boulder beetle
 16310 | Lair:2   | 16310 ||| Stepping ~*~*~tactically~*~*~ (stealth).
 16585 | Lair:2   | 16585 ||| READING 2 scrolls labelled YCRAONK NECEN.
 16586 | Lair:2   | 16586 ||| DROPPING scroll of vulnerability.
 16628 | Lair:3   | 16628 ||| Stepping ~*~*~tactically~*~*~ (stealth).
 16658 | Lair:3   | 16658 ||| INVOKING Berserk.
 16777 | Lair:3   | 16777 ||| FLEEEEING.
 16778 | Lair:3   | 16778 ||| FLEEEEING.
 16779 | Lair:3   | 16779 ||| FLEEEEING.
 16780 | Lair:3   | 16780 ||| FLEEEEING.
 16782 | Lair:3   | 16782 ||| FLEEEEING.
 16786 | Lair:3   | 16786 ||| STAIRDANCE
 16888 | Lair:3   | Found a staircase to the Snake Pit.
 17275 | Lair:3   | Found a staircase to the Shoals.
 17337 | Lair:3   | 17337 ||| Stepping ~*~*~tactically~*~*~ (hiding).
 17461 | Lair:3   | 17461 ||| INVOKING Berserk.
 17852 | Lair:3   | 17852 ||| READING scroll labelled TAB VU HUI.
 17853 | Lair:3   | 17853 ||| READING 2 scrolls labelled ATEODA COSHROUL.
 17854 | Lair:3   | 17854 ||| DROPPING scroll of amnesia.
 17888 | Lair:4   | 17888 ||| STAIRDANCE
 17906 | Lair:4   | 17906 ||| STAIRDANCE
 17916 | Lair:3   | Reached XP level 13. HP: 66/84 MP: 13/13
 17993 | Lair:4   | 17993 ||| INVOKING Berserk.
 18002 | Lair:4   | Reached skill level 15 in Axes
 18018 | Lair:4   | 18018 ||| FLEEEEING.
 18019 | Lair:4   | 18019 ||| FLEEEEING.
 18020 | Lair:4   | 18020 ||| STAIRDANCE
 18028 | Lair:3   | HP: 16/84 [elephant (11)]
 18029 | Lair:3   | 18029 ||| READING 2 scrolls of teleportation.
 18030 | Lair:3   | 18030 ||| DRINKING 5 potions of heal wounds.
 18349 | Lair:4   | 18349 ||| STAIRDANCE
 18493 | Lair:4   | 18493 ||| FLEEEEING.
 18494 | Lair:4   | 18494 ||| STAIRDANCE
 18557 | Lair:4   | 18557 ||| STAIRDANCE
 18705 | Lair:4   | 18705 ||| Stepping ~*~*~tactically~*~*~ (stealth).
 18713 | Lair:4   | 18713 ||| INVOKING Berserk.
 18906 | Lair:4   | Reached skill level 12 in Fighting
 19028 | Lair:4   | 19028 ||| Stepping ~*~*~tactically~*~*~ (stealth).
 19047 | Lair:4   | 19047 ||| INVOKING Berserk.
 19076 | Lair:4   | HP: 18/86 [meliai/divine providence (8)]
 19077 | Lair:4   | 19077 ||| READING scroll of teleportation.
 19077 | Lair:4   | HP: 5/86 [meliai/divine providence (13)]
 19077 | Lair:4   | HP: 2/86 [killer bee (3)]
 19078 | Lair:4   | 19078 ||| DRINKING 4 potions of heal wounds.
 19079 | Lair:4   | 19079 ||| DRINKING 3 potions of heal wounds.
 19080 | Lair:4   | 19080 ||| DRINKING 2 potions of heal wounds.
 19081 | Lair:4   | 19081 ||| Stepping ~*~*~tactically~*~*~ (stealth).
 19100 | Lair:4   | HP: 14/86 [elephant (9)]
 19101 | Lair:4   | 19101 ||| DRINKING potion of heal wounds.
 19102 | Lair:4   | 19102 ||| INVOKING Berserk.
 19340 | Lair:4   | 19340 ||| DROPPING +0 morningstar.
 19360 | Lair:4   | 19360 ||| INVOKING Berserk.
 19394 | Lair:4   | Reached skill level 12 in Armour
 19626 | Lair:4   | 19626 ||| INVOKING Berserk.
 19946 | Lair:4   | Noticed a dire elephant
 19947 | Lair:4   | 19947 ||| INVOKING Berserk.
 19961 | Lair:4   | Killed a dire elephant
 20298 | Lair:4   | 20298 ||| Stepping ~*~*~tactically~*~*~ (stealth).
 20350 | Lair:4   | 20350 ||| Stepping ~*~*~tactically~*~*~ (stealth).
 20442 | Lair:4   | Found a staircase to the Slime Pits.
 20528 | Lair:4   | 20528 ||| UPGRADING to +0 buckler.
 20533 | Lair:4   | 20533 ||| READING scroll labelled BITIG INLO.
 20544 | Lair:5   | Entered Level 5 of the Lair of Beasts
 20545 | Lair:5   | 20545 ||| STAIRDANCE
 20556 | Lair:4   | Reached skill level 1 in Shields
 20725 | Lair:5   | 20725 ||| Stepping ~*~*~tactically~*~*~ (stealth).
 20726 | Lair:5   | 20726 ||| Stepping ~*~*~tactically~*~*~ (stealth).
 20727 | Lair:5   | 20727 ||| Stepping ~*~*~tactically~*~*~ (stealth).
 20743 | Lair:5   | Reached skill level 3 in Shields
 20747 | Lair:5   | Reached ***** piety under Trog
 20749 | Lair:5   | 20749 ||| FLEEEEING.
 20754 | Lair:5   | 20754 ||| FLEEEEING.
 20755 | Lair:5   | 20755 ||| FLEEEEING.
 20810 | Lair:5   | Identified the ring "Moames" {Ice rCorr}
 20844 | Lair:5   | 20844 ||| Stepping ~*~*~tactically~*~*~ (stealth).
 20862 | Lair:5   | 20862 ||| INVOKING Brothers in Arms.
 20867 | Lair:5   | 20867 ||| SWAPPING to +0 eveningstar of holy wrath.
 20868 | Lair:5   | 20868 ||| INVOKING Berserk.
 20872 | Lair:5   | Gained mutation: Your large and strong wings let you fly.
                  | [Gargoyle growth]
 20872 | Lair:5   | Reached XP level 14. HP: 92/92 MP: 14/14
 20899 | Lair:5   | 20899 ||| SWAPPING to +0 broad axe of draining.
 20967 | Lair:5   | 20967 ||| Stepping ~*~*~tactically~*~*~ (stealth).
 21039 | Lair:5   | 21039 ||| Stepping ~*~*~tactically~*~*~ (stealth).
 21043 | Lair:5   | 21043 ||| Stepping ~*~*~tactically~*~*~ (stealth).
 21050 | Lair:5   | 21050 ||| Stepping ~*~*~tactically~*~*~ (stealth).
 21077 | Lair:5   | Reached skill level 6 in Shields
 21220 | Lair:5   | 21220 ||| Stepping ~*~*~tactically~*~*~ (stealth).
 21230 | Lair:5   | 21230 ||| INVOKING Berserk.
 21508 | Lair:5   | 21508 ||| Stepping ~*~*~tactically~*~*~ (stealth).
 21574 | Lair:5   | 21574 ||| FLEEEEING.
 21575 | Lair:5   | 21575 ||| FLEEEEING.
 21582 | Lair:5   | Reached skill level 16 in Axes
 21619 | Lair:5   | Identified the +2 robe of Tetysufo {Fly Dex+2}
 21620 | Lair:5   | 21620 ||| Stepping ~*~*~tactically~*~*~ (stealth).
 21759 | Lair:5   | 21759 ||| INVOKING Berserk.
 21778 | Lair:5   | 21778 ||| INVOKING Brothers in Arms.
 21792 | Lair:5   | HP: 18/92 [thrashing horror (10)]
 21922 | Lair:5   | 21922 ||| Stepping ~*~*~tactically~*~*~ (stealth).
 22039 | Lair:5   | 22039 ||| Stepping ~*~*~tactically~*~*~ (stealth).
 22040 | Lair:5   | 22040 ||| Stepping ~*~*~tactically~*~*~ (stealth).
 22041 | Lair:5   | 22041 ||| Stepping ~*~*~tactically~*~*~ (stealth).
 22042 | Lair:5   | 22042 ||| Stepping ~*~*~tactically~*~*~ (stealth).
 22043 | Lair:5   | 22043 ||| Stepping ~*~*~tactically~*~*~ (stealth).
 22044 | Lair:5   | 22044 ||| Stepping ~*~*~tactically~*~*~ (stealth).
 22045 | Lair:5   | 22045 ||| INVOKING Brothers in Arms.
 22046 | Lair:5   | 22046 ||| SWAPPING to +0 eveningstar of holy wrath.
 22047 | Lair:5   | 22047 ||| INVOKING Berserk.
 22139 | Lair:5   | 22139 ||| SWAPPING to +0 broad axe of draining.
 22141 | Lair:5   | Found a corrupted altar of Lugonu.
 22144 | Lair:5   | Found a one-way gate to the infinite horrors of the Abyss.
 22213 | Lair:5   | 22213 ||| Stepping ~*~*~tactically~*~*~ (stealth).
 22214 | Lair:5   | 22214 ||| Stepping ~*~*~tactically~*~*~ (stealth).
 22215 | Lair:5   | 22215 ||| Stepping ~*~*~tactically~*~*~ (stealth).
 22368 | Lair:5   | 22368 ||| READING scroll of enchant weapon.
 22368 | Lair:5   | 22368 ||| ENCHANTING +0 broad axe of draining.
 22389 | Lair:5   | 22389 ||| INVOKING Brothers in Arms.
 22390 | Lair:5   | 22390 ||| INVOKING Brothers in Arms.
 22392 | Lair:5   | 22392 ||| SWAPPING to +0 eveningstar of holy wrath.
 22393 | Lair:5   | 22393 ||| SWAPPING to +1 broad axe of draining.
 22765 | Lair:5   | 22765 ||| Stepping ~*~*~tactically~*~*~ (stealth).
 23014 | Lair:5   | 23014 ||| PLANNING D:1-11
 23014 | Lair:5   | 23014 ||| DROPPING ring "Moames" {Ice rCorr}.
 23234 | D:11     | Noticed Josephine
 23250 | D:11     | Reached skill level 17 in Axes
 23257 | D:11     | Killed Josephine
 23261 | D:11     | 23261 ||| INVOKING Berserk.
 23502 | D:11     | Noticed Urug
 23505 | D:11     | 23505 ||| INVOKING Berserk.
 23520 | D:11     | Killed Urug
 23653 | D:11     | 23653 ||| SWAPPING to +4 broad axe.
 23654 | D:11     | 23654 ||| DROPPING +1 broad axe of draining.
 23801 | D:11     | Found Mynu's Antique Weapon Boutique.
 23809 | D:11     | 23809 ||| BUYING runed morningstar (161 gold).
 23809 | D:11     | Bought a runed morningstar for 161 gold pieces
 23809 | D:11     | 23809 ||| DROPPING +1 morningstar of venom.
 23881 | D:11     | 23881 ||| Stepping ~*~*~tactically~*~*~ (stealth).
 24084 | D:11     | 24084 ||| Stepping ~*~*~tactically~*~*~ (hiding).
 24087 | D:11     | 24087 ||| Stepping ~*~*~tactically~*~*~ (hiding).
 24294 | D:11     | 24294 ||| PLANNING D
 24331 | D:12     | 24331 ||| STAIRDANCE
 24342 | D:12     | 24342 ||| STAIRDANCE
 24402 | D:12     | Found a runed translucent gate.
 24402 | D:12     | Found a runed translucent gate.
 24402 | D:12     | Found a runed translucent gate.
 24403 | D:12     | Noticed tiocybot's ghost (journeyman GnTm)
 24451 | D:12     | 24451 ||| Stepping ~*~*~tactically~*~*~ (hiding).
 24491 | D:12     | Reached skill level 6 in Throwing
 24637 | D:12     | 24637 ||| Stepping ~*~*~tactically~*~*~ (stealth).
 24645 | D:12     | Noticed Erolcha
 24646 | D:12     | 24646 ||| INVOKING Trog's Hand.
 24677 | D:12     | Killed Erolcha
 24759 | D:12     | 24759 ||| Stepping ~*~*~tactically~*~*~ (stealth).
 24760 | D:12     | 24760 ||| Stepping ~*~*~tactically~*~*~ (stealth).
 24776 | D:12     | 24776 ||| Stepping ~*~*~tactically~*~*~ (stealth).
 24783 | D:12     | Found a staircase to the Orcish Mines.
 24783 | D:12     | Noticed Maurice
 24784 | D:12     | 24784 ||| Stepping ~*~*~tactically~*~*~ (hiding).
 24796 | D:12     | Killed Maurice
 24806 | D:12     | Reached XP level 15. HP: 81/97 MP: 15/15
 24887 | D:12     | 24887 ||| Stepping ~*~*~tactically~*~*~ (stealth).
 24980 | D:12     | 24980 ||| FLEEEEING.
 24981 | D:12     | 24981 ||| FLEEEEING.
 24982 | D:12     | 24982 ||| FLEEEEING.
 24983 | D:12     | 24983 ||| FLEEEEING.
 24984 | D:12     | 24984 ||| FLEEEEING.
 24985 | D:12     | 24985 ||| FLEEEEING.
 24986 | D:12     | 24986 ||| FLEEEEING.
 25260 | D:12     | 25260 ||| DROPPING +1 morningstar of protection.
 25511 | D:12     | 25511 ||| READING 3 scrolls of teleportation.
 25622 | D:13     | 25622 ||| READING scroll of brand weapon.
 25622 | D:13     | 25622 ||| BRANDING +4 broad axe.
 25641 | D:13     | 25641 ||| Stepping ~*~*~tactically~*~*~ (hiding).
 25652 | D:13     | 25652 ||| INVOKING Berserk.
 25676 | D:13     | 25676 ||| Stepping ~*~*~tactically~*~*~ (stealth).
 25679 | D:13     | 25679 ||| Stepping ~*~*~tactically~*~*~ (stealth).
 25692 | D:13     | 25692 ||| FLEEEEING.
 25937 | D:13     | Received a gift from Trog
 25938 | D:13     | 25938 ||| INVOKING Berserk.
 25941 | D:13     | HP: 31/147 [centaur warrior/arrow (9)]
 25944 | D:13     | 25944 ||| READING 2 scrolls of teleportation.
 25945 | D:13     | 25945 ||| DRINKING potion of heal wounds.
 25952 | D:13     | 25952 ||| Stepping ~*~*~tactically~*~*~ (hiding).
 25963 | D:13     | 25963 ||| INVOKING Brothers in Arms.
 26396 | D:13     | Found a gate to the Vaults.
 27128 | D:14     | 27128 ||| Stepping ~*~*~tactically~*~*~ (stealth).
 27168 | D:14     | 27168 ||| Stepping ~*~*~tactically~*~*~ (stealth).
 27198 | D:14     | 27198 ||| DROPPING +0 eveningstar of holy wrath.
 27235 | D:14     | 27235 ||| Stepping ~*~*~tactically~*~*~ (stealth).
 27238 | D:14     | 27238 ||| Stepping ~*~*~tactically~*~*~ (stealth).
 27239 | D:14     | 27239 ||| Stepping ~*~*~tactically~*~*~ (stealth).
 27242 | D:14     | 27242 ||| Stepping ~*~*~tactically~*~*~ (stealth).
 27279 | D:14     | 27279 ||| FLEEEEING.
 27280 | D:14     | 27280 ||| FLEEEEING.
 27318 | D:14     | 27318 ||| Stepping ~*~*~tactically~*~*~ (stealth).
 27319 | D:14     | 27319 ||| Stepping ~*~*~tactically~*~*~ (stealth).
 27321 | D:14     | 27321 ||| Stepping ~*~*~tactically~*~*~ (stealth).
 27322 | D:14     | 27322 ||| Stepping ~*~*~tactically~*~*~ (stealth).
 27323 | D:14     | 27323 ||| Stepping ~*~*~tactically~*~*~ (stealth).
 27324 | D:14     | 27324 ||| Stepping ~*~*~tactically~*~*~ (stealth).
 27325 | D:14     | 27325 ||| Stepping ~*~*~tactically~*~*~ (stealth).
 27327 | D:14     | 27327 ||| Stepping ~*~*~tactically~*~*~ (stealth).
 27337 | D:14     | Identified a scroll of acquirement
 27350 | D:14     | 27350 ||| READING scroll of acquirement.
 27350 | D:14     | 27350 ||| ACQUIRING +1 pair of gloves of Hopscotch {Str+5
                  | SInv}
 27350 | D:14     | Acquired the +1 pair of gloves of Hopscotch {Str+5 SInv}
 27352 | D:14     | 27352 ||| UPGRADING to +1 pair of gloves of Hopscotch
                  | {Str+5 SInv}.
 27362 | D:14     | 27362 ||| DROPPING +0 pair of gloves.
 27385 | D:14     | Found an iron altar of Okawaru.
 27590 | D:14     | 27590 ||| Stepping ~*~*~tactically~*~*~ (hiding).
 27594 | D:14     | 27594 ||| Stepping ~*~*~tactically~*~*~ (hiding).
 27705 | D:14     | 27705 ||| Stepping ~*~*~tactically~*~*~ (hiding).
 27707 | D:14     | 27707 ||| Stepping ~*~*~tactically~*~*~ (hiding).
 27708 | D:14     | 27708 ||| Stepping ~*~*~tactically~*~*~ (stealth).
 27709 | D:14     | 27709 ||| INVOKING Berserk.
 27720 | D:14     | 27720 ||| INVOKING Brothers in Arms.
 27817 | D:14     | 27817 ||| DROPPING +4 hand axe of flaming.
 28022 | D:15     | Entered Level 15 of the Dungeon
 28099 | D:15     | 28099 ||| INVOKING Berserk.
 28538 | D:15     | 28538 ||| INVOKING Trog's Hand.
 28539 | D:15     | 28539 ||| INVOKING Berserk.
 28684 | D:15     | Found a staircase to the Depths.
 28746 | D:15     | Noticed Rupert
 28747 | D:15     | 28747 ||| INVOKING Trog's Hand.
 28748 | D:15     | 28748 ||| INVOKING Brothers in Arms.
 28749 | D:15     | 28749 ||| INVOKING Brothers in Arms.
 28750 | D:15     | 28750 ||| INVOKING Berserk.
 28755 | D:15     | Killed Rupert
 28756 | D:15     | Reached skill level 18 in Axes
 28887 | D:15     | 28887 ||| Stepping ~*~*~tactically~*~*~ (hiding).
 28910 | D:15     | 28910 ||| FLEEEEING.
 28911 | D:15     | 28911 ||| FLEEEEING.
 28912 | D:15     | 28912 ||| FLEEEEING.
 28918 | D:15     | 28918 ||| FLEEEEING.
 28919 | D:15     | 28919 ||| FLEEEEING.
 28920 | D:15     | 28920 ||| FLEEEEING.
 28921 | D:15     | 28921 ||| FLEEEEING.
 28924 | D:15     | 28924 ||| FLEEEEING.
 28925 | D:15     | 28925 ||| FLEEEEING.
 28926 | D:15     | 28926 ||| FLEEEEING.
 28927 | D:15     | 28927 ||| FLEEEEING.
 28928 | D:15     | 28928 ||| FLEEEEING.
 28929 | D:15     | 28929 ||| FLEEEEING.
 28930 | D:15     | 28930 ||| FLEEEEING.
 28931 | D:15     | 28931 ||| FLEEEEING.
 28932 | D:15     | 28932 ||| FLEEEEING.
 28934 | D:15     | 28934 ||| STAIRDANCE
 29002 | D:15     | 29002 ||| STAIRDANCE
 29021 | D:15     | 29021 ||| STAIRDANCE
 29026 | D:15     | 29026 ||| STAIRDANCE
 29033 | D:15     | 29033 ||| STAIRDANCE
 29414 | D:15     | 29414 ||| PLANNING ORC
 29506 | Orc:1    | Entered Level 1 of the Orcish Mines
 29507 | Orc:1    | Noticed Sonja
 29508 | Orc:1    | 29508 ||| INVOKING Brothers in Arms.
 29511 | Orc:1    | Paralysed by Sonja for 4 turns
 29515 | Orc:1    | Killed Sonja
 29516 | Orc:1    | Reached skill level 9 in Shields
 29581 | Orc:2    | Entered Level 2 of the Orcish Mines
 29582 | Orc:2    | 29582 ||| Stepping ~*~*~tactically~*~*~ (hiding).
 29742 | Orc:2    | Found a staircase to the Elven Halls.
 29886 | Orc:2    | 29886 ||| INVOKING Berserk.
 30121 | Orc:2    | Reached skill level 3 in Dodging
 30144 | Orc:2    | Found Zerches's General Store.
 30145 | Orc:2    | Found Cyimoej's Magic Scroll Emporium.
 30147 | Orc:2    | 30147 ||| INVOKING Berserk.
 30171 | Orc:2    | 30171 ||| INVOKING Brothers in Arms.
 30171 | Orc:2    | HP: 20/99 [orc priest/divine providence (9)]
 30172 | Orc:2    | 30172 ||| READING scroll of teleportation.
 30616 | Orc:2    | 30616 ||| Stepping ~*~*~tactically~*~*~ (hiding).
 30720 | Orc:2    | 30720 ||| Stepping ~*~*~tactically~*~*~ (hiding).
 30727 | Orc:2    | 30727 ||| Stepping ~*~*~tactically~*~*~ (hiding).
 30783 | Orc:2    | 30783 ||| BUYING potion of haste (150 gold).
 30783 | Orc:2    | Bought a potion of haste for 150 gold pieces
 30783 | Orc:2    | 30783 ||| BUYING scroll of teleportation (45 gold).
 30783 | Orc:2    | Bought a scroll of teleportation for 45 gold pieces
 30785 | Orc:2    | 30785 ||| BUYING scroll of enchant armour (105 gold).
 30785 | Orc:2    | Bought a scroll of enchant armour for 105 gold pieces
 30785 | Orc:2    | 30785 ||| BUYING scroll of teleportation (42 gold).
 30785 | Orc:2    | Bought a scroll of teleportation for 42 gold pieces
 30785 | Orc:2    | 30785 ||| READING scroll of enchant armour.
 30785 | Orc:2    | 30785 ||| ENCHANTING +0 helmet.
 30804 | Orc:2    | 30804 ||| Stepping ~*~*~tactically~*~*~ (hiding).
 30805 | Orc:2    | 30805 ||| Stepping ~*~*~tactically~*~*~ (hiding).
 30807 | Orc:2    | 30807 ||| Stepping ~*~*~tactically~*~*~ (hiding).
 30846 | Orc:2    | 30846 ||| Stepping ~*~*~tactically~*~*~ (stealth).
 30848 | Orc:2    | 30848 ||| Stepping ~*~*~tactically~*~*~ (hiding).
 30873 | Orc:2    | 30873 ||| Stepping ~*~*~tactically~*~*~ (hiding).
 30875 | Orc:2    | 30875 ||| INVOKING Berserk.
 30910 | Orc:2    | 30910 ||| Stepping ~*~*~tactically~*~*~ (stealth).
 30995 | Orc:2    | 30995 ||| Stepping ~*~*~tactically~*~*~ (stealth).
 30999 | Orc:2    | 30999 ||| INVOKING Brothers in Arms.
 31000 | Orc:2    | 31000 ||| INVOKING Berserk.
 31014 | Orc:2    | 31014 ||| INVOKING Brothers in Arms.
 31016 | Orc:2    | Reached XP level 16. HP: 105/105 MP: 16/16
 31021 | Orc:2    | 31021 ||| INVOKING Trog's Hand.
 31032 | Orc:2    | 31032 ||| INVOKING Brothers in Arms.
 31078 | Orc:2    | 31078 ||| INVOKING Trog's Hand.
 31080 | Orc:2    | 31080 ||| INVOKING Berserk.
 31107 | Orc:2    | 31107 ||| Stepping ~*~*~tactically~*~*~ (stealth).
 31108 | Orc:2    | 31108 ||| INVOKING Trog's Hand.
 31124 | Orc:2    | 31124 ||| INVOKING Berserk.
 31161 | Orc:2    | 31161 ||| INVOKING Berserk.
 31204 | Orc:2    | Found Jugues's Jewellery Boutique.
 31204 | Orc:2    | Found Ecisutu's Antique Weapon Shop.
 31205 | Orc:2    | Found a one-way gate leading to the halls of Pandemonium.
 31207 | Orc:2    | 31207 ||| BUYING amulet of guardian spirit (360 gold).
 31207 | Orc:2    | Bought an amulet of guardian spirit for 360 gold pieces
 31247 | Orc:2    | 31247 ||| UPGRADING to +0 plate armour of cold resistance.
 31257 | Orc:2    | 31257 ||| DROPPING +0 plate armour.
 31261 | Orc:1    | Noticed Snorg
 31262 | Orc:1    | 31262 ||| INVOKING Berserk.
 31271 | Orc:1    | Killed Snorg
 31312 | Orc:1    | 31312 ||| INVOKING Brothers in Arms.
 31314 | Orc:1    | HP: 17/106 [orc priest/divine providence (12)]
 31315 | Orc:1    | 31315 ||| READING 2 scrolls of teleportation.
 31637 | Orc:1    | 31637 ||| READING scroll of teleportation.
 31811 | Orc:1    | 31811 ||| Stepping ~*~*~tactically~*~*~ (hiding).
 31991 | Orc:1    | Noticed Erica
 31992 | Orc:1    | 31992 ||| Stepping ~*~*~tactically~*~*~ (hiding).
 31998 | Orc:1    | 31998 ||| INVOKING Brothers in Arms.
 32000 | Orc:1    | 32000 ||| INVOKING Berserk.
 32003 | Orc:1    | Killed Erica
 32137 | Orc:1    | 32137 ||| PLANNING SNAKE:1-3
 32411 | Snake:1  | Entered Level 1 of the Snake Pit
 32418 | Snake:1  | 32418 ||| Stepping ~*~*~tactically~*~*~ (hiding).
 32420 | Snake:1  | 32420 ||| Stepping ~*~*~tactically~*~*~ (hiding).
 32423 | Snake:1  | 32423 ||| Stepping ~*~*~tactically~*~*~ (hiding).
 32435 | Snake:1  | Found Umuimoyt's Book Emporium.
 32459 | Snake:1  | Found Azifreber's Jewellery Shop.
 32460 | Snake:1  | Found Pugol's Book Emporium.
 32468 | Snake:1  | 32468 ||| BUYING amulet of Xabeniqu {rF+ Regen+} (616
                  | gold).
 32468 | Snake:1  | Bought the amulet of Xabeniqu {rF+ Regen+} for 616 gold
                  | pieces
 32468 | Snake:1  | 32468 ||| BUYING ring "Fiuq Fokk" {rF+ rN+ rCorr} (534
                  | gold).
 32468 | Snake:1  | Bought the ring "Fiuq Fokk" {rF+ rN+ rCorr} for 534 gold
                  | pieces
 32469 | Snake:1  | 32469 ||| Stepping ~*~*~tactically~*~*~ (stealth).
 32472 | Snake:1  | 32472 ||| UPGRADING to amulet of Xabeniqu {rF+ Regen+}.
 32505 | Snake:1  | 32505 ||| Stepping ~*~*~tactically~*~*~ (hiding).
 32644 | Snake:1  | 32644 ||| READING scroll of enchant weapon.
 32644 | Snake:1  | 32644 ||| ENCHANTING +4 vorpal broad axe.
 32648 | Snake:1  | 32648 ||| READING scroll of enchant weapon.
 32648 | Snake:1  | 32648 ||| ENCHANTING +5 vorpal broad axe.
 32802 | Snake:1  | 32802 ||| Stepping ~*~*~tactically~*~*~ (stealth).
 32806 | Snake:1  | 32806 ||| Stepping ~*~*~tactically~*~*~ (hiding).
 32817 | Snake:1  | 32817 ||| Stepping ~*~*~tactically~*~*~ (hiding).
 32821 | Snake:1  | 32821 ||| Stepping ~*~*~tactically~*~*~ (hiding).
 32830 | Snake:1  | 32830 ||| INVOKING Berserk.
 32865 | Snake:1  | 32865 ||| INVOKING Brothers in Arms.
 32874 | Snake:1  | HP: 20/107 [naga sharpshooter/bolt (17)]
 32881 | Snake:1  | HP: 11/107 [naga sharpshooter/bolt (4)]
 32882 | Snake:1  | HP: 3/107 [naga/+0 trident (8)]
 32885 | Snake:1  | 32885 ||| INVOKING Brothers in Arms.
 32885 | Snake:1  | Shot with a bolt by a naga sharpshooter

Levels and vault maps discovered:
D:1:      reono_arrival_forest_river, layout_rooms
D:2:      layout_loops_ring, basic_altar, minmay_tripent
D:3:      layout_loops_corners, nzn_hepliaklqana_mist_gate, chequers_arboretum,
          dk_vineyard_1, goddamned_bats, uniq_ijyb, uniq_robin
D:4:      layout_loops_ring, gammafunk_ghost_arena, hex_large
D:5:      layout_basic, ashenzari_conservatory_becter, minitemple, serial_glass,
          glass_columns_b, glass_columns_c, glass_columns_c, glass_columns_a,
          serial_shops, kennysheep_mini, gammafunk_ghost_stat_death
D:6:      layout_loops_ring, nemelex_spade_bored_becter,
          ebering_ghost_disaster_area, serial_bayou, serial_bayou_lagoon_b,
          serial_bayou_crossing, serial_bayou_shore_b, serial_bayou_pond_c,
          uniq_grinder
D:7:      layout_basic, lemuel_tele_altar, temple_fountains,
          grunt_ministairs_12, minivault_4, uniq_maggie
D:8:      layout_basic, enter_bailey_2, ebering_ghost_reflecting_pool,
          st_stairs_10
D:9:      layout_stronghold, amcnicky_mini_corridor_feature, uniq_harold
D:10:     layout_long_grid, general_overflow_altar, dpeg_oklobed_lair,
          serial_shops, shop
D:11:     layout_irregular_city, serial_shops, nicolae_square_shop, uniq_urug,
          uniq_josephine
D:12:     layout_long_grid, erik_orc_3, gammafunk_ghost_spectres, uniq_erolcha,
          uniq_maurice
D:13:     dreamdust_isle_of_ice, layout_layer_cave, david_vaults_5
D:14:     layout_gridville, special_room [special_room_orc], serial_bayou,
          serial_bayou_pond_e, serial_bayou_lake_a, serial_bayou_ford_a,
          serial_bayou_shore_b, okawaru_ov_weapons_minmay
D:15:     grunt_enter_depths_magical_seal, layout_loops_ring, uniq_rupert
Lair:1:   layout_loops_ring, beast_lair_carwin_9, grunt_megastairs_2
Lair:2:   layout_regular_city, uniq_fannar
Lair:3:   layout_roguey, shoals_dummy_entry, minmay_snake_entry_six_corridors,
          infiniplex_staircase_pool_2
Lair:4:   mu_elephants_graveyard, layout_long_grid, dpeg_slime_entry_enclosed,
          special_room [special_room_bee]
Lair:5:   hellmonk_lair_end_abyssal_woods, layout_hall_layers,
          chequers_serial_rivers_large_a
Snake:1:  layout_rooms, serial_bayou, serial_bayou_pond_c, serial_bayou_pond_b,
          serial_bayou_pond_c, serial_bayou_pond_d, minmay_shop_grove
Orc:1:    layout_diamond_mine, uniq_snorg, uniq_sonja, uniq_erica
Orc:2:    pf_orc_diabolical, layout_caves

Skill      XL: |  1  2  3  4  5  6  7  8  9 10 11 12 13 14 15 16 |
---------------+-------------------------------------------------+-----
Axes           | 3 4 5 6 7 8 10 11 13 14 15 17 18 | 18.0
Fighting       | 4 5 6 7 9 10 11 12 13 14 | 14.5
Armour         | 4 5 6 8 9 11 12 13 14 | 14.0
Throwing       | 3 4 5 6 7 8 |  8.0
Dodging        | 2 3 |  3.0
Shields        | 4 8 9 |  9.1

Action                   |  1- 3 |  4- 6 |  7- 9 | 10-12 | 13-15 | 16-18 || total
-------------------------+-------+-------+-------+-------+-------+-------++-------
Melee: Hand axe          |    86 |   219 |   380 |    32 |       |       ||   717
       Punch             |       |       |     4 |     8 |     4 |       ||    16
       War axe           |       |       |       |   141 |       |       ||   141
       Broad axe         |       |       |       |   410 |  1229 |   228 ||  1867
       Morningstar       |       |       |       |     5 |       |       ||     5
       Eveningstar       |       |       |       |       |    11 |       ||    11
Throw: Boomerang         |       |    21 |    26 |       |    11 |       ||    58
       Javelin           |       |       |    21 |    65 |    95 |     3 ||   184
Invok: Berserk           |     1 |     4 |    17 |    22 |    23 |     6 ||    73
       Trog's Hand       |       |       |     1 |       |     3 |     3 ||     7
       Brothers in Arms  |       |       |       |     2 |    10 |     4 ||    16
  Use: Scroll            |     5 |     2 |    10 |    11 |    10 |     4 ||    42
       Potion            |       |     3 |     3 |     2 |     6 |       ||    14
Armor: Animal skin       |     5 |       |       |       |       |       ||     5
       Leather armour    |    20 |   106 |       |       |       |       ||   126
       Plate armour      |       |    24 |   225 |   391 |   885 |   120 ||  1645
Dodge: Dodged            |    33 |   175 |   171 |   319 |   745 |   120 ||  1563
Block: Buckler           |       |       |       |       |   177 |    45 ||   222

Table legend:
 A = Non-vault XP
 B = Vault XP
 C = Vault XP percentage of total XP
 D = Non-vault monster count
 E = Vault monster count
 F = Vault count percentage of total count
                 A         B        C        D         E       F
            +---------+---------+-------+---------+---------+-------
      Total |   85769 |   67626 |  44.1 |     501 |     284 |  36.2
            +---------+---------+-------+---------+---------+-------
        D:1 |      28 |       0 |   0.0 |      16 |       0 |   0.0
        D:2 |      70 |       3 |   4.1 |      19 |       2 |   9.5
        D:3 |      69 |     245 |  78.0 |      18 |      34 |  65.4
        D:4 |     252 |       0 |   0.0 |      17 |       0 |   0.0
        D:5 |    1162 |       0 |   0.0 |      35 |       0 |   0.0
        D:6 |    1714 |     286 |  14.3 |      28 |       1 |   3.4
        D:7 |     958 |     361 |  27.4 |      24 |       8 |  25.0
        D:8 |    2045 |     139 |   6.4 |      25 |       4 |  13.8
        D:9 |    1495 |     868 |  36.7 |      25 |       1 |   3.8
       D:10 |    2074 |       0 |   0.0 |      12 |       0 |   0.0
       D:11 |    4028 |    2535 |  38.6 |      21 |       6 |  22.2
       D:12 |    4676 |    1799 |  27.8 |      17 |      15 |  46.9
       D:13 |    4535 |    4724 |  51.0 |      11 |      17 |  60.7
       D:14 |    5975 |    1029 |  14.7 |      20 |      25 |  55.6
       D:15 |    8094 |    6075 |  42.9 |      13 |      10 |  43.5
     Lair:1 |    4151 |    2412 |  36.8 |      17 |       9 |  34.6
     Lair:2 |    7218 |     881 |  10.9 |      17 |       1 |   5.6
     Lair:3 |    3360 |    4491 |  57.2 |      12 |      13 |  52.0
     Lair:4 |    3894 |   12886 |  76.8 |      17 |      46 |  73.0
     Lair:5 |   14304 |   10950 |  43.4 |      42 |      36 |  46.2
    Snake:1 |    8155 |     721 |   8.1 |      17 |       2 |  10.5
      Orc:1 |    5372 |    2512 |  31.9 |      57 |       3 |   5.0
      Orc:2 |    2140 |   14709 |  87.3 |      21 |      51 |  70.8
            +---------+---------+-------+---------+---------+-------
